 Dungeon Crawl Stone Soup version 0.20.0-8-g6b59dc7 (console) character file.

1188 vonhedlund the Conjurer (level 8, -9/57 HPs)
             Began as a Black Draconian Conjurer on June 2, 2017.
             Was an Initiate of Vehumet.
             Mangled by Duvessa
             ... wielding a +0 short sword
              (10 damage)
             ... on level 6 of the Dungeon.
             The game lasted 01:03:24 (5667 turns).

vonhedlund the Conjurer (Black Draconian Conjurer)  Turns: 5667, Time: 01:03:25

Health: -9/57      AC:  6    Str: 10    XL:     8   Next: 19%
Magic:  4/18       EV: 12    Int: 19    God:    Vehumet [......]
Gold:   314        SH:  0    Dex: 11    Spells: 18/21 levels left

rFire    . . .     SeeInvis .   a - +0 short sword
rCold    . . .     Gourm    .   (no shield)
rNeg     . . .     Faith    .   (armour unavailable)
rPois    .         Spirit   .   (helmet restricted)
rElec    +         Reflect  .   (no cloak)
rCorr    .         Harm     .   (no gloves)
MR       .....                  (no boots)
Stlth    ++........             (no amulet)
Regen    0.2/turn               (no ring)
MPRegen  0.2/turn               (no ring)

@: no status effects
A: breathe lightning, unfitting armour, electricity resistance, cold-blooded, AC
+6
a: Breathe Lightning, Renounce Religion


You were on level 6 of the Dungeon.
You worshipped Vehumet.
Vehumet was noncommittal.
You were not hungry.

You visited 2 branches of the dungeon, and saw 8 of its levels.
You also visited: Sewer.

You collected 314 gold pieces.

Inventory:

Hand Weapons
 a - a +0 short sword (weapon)
 b - a +0 blowgun
 p - a +0 hunting sling
 r - a +0 falchion
 x - a +0 dagger
 L - a cursed -1 shortbow
Missiles
 c - 44 bolts
 g - 51 sling bullets
 i - 71 poisoned needles
 K - 65 arrows
Jewellery
 d - a +3 ring of protection {unknown}
 q - an uncursed ring of see invisible {unknown}
 B - an uncursed amulet of regeneration {unknown}
Wands
 I - a wand of paralysis (2/24)
Scrolls
 h - 3 scrolls of amnesia {unknown}
 j - a scroll of noise {unknown}
 k - 4 scrolls of remove curse
 l - 8 scrolls of identify
 t - a scroll of immolation {unknown}
 u - 2 scrolls of blinking {unknown}
 y - a scroll of magic mapping {unknown}
 C - 3 scrolls of teleportation {unknown}
 F - a scroll of enchant weapon {unknown}
 G - a scroll of fear {unknown}
Potions
 e - a potion of magic {unknown}
 v - a potion of agility {unknown}
 w - 2 potions of heal wounds {unknown}
 z - 3 potions of flight {unknown}
 A - 2 potions of mutation {unknown}
 D - a potion of lignification {unknown}
 E - a potion of cancellation {unknown}
 M - a potion of might {unknown}
Books
 f - a book of Conjurations

   Spells                             Type                      Level
   a - Magic Dart                     Conjuration                  1
   b - Searing Ray                    Conjuration                  2
   c - Dazzling Spray                 Conjuration/Hexes            3
   d - Fulminant Prism                Conjuration/Hexes            4
   e - Force Lance                    Conjuration/Translocation    4
   f - Iskenderun's Mystic Blast      Conjuration                  4
 s - a book of Cantrips

   Spells                             Type                      Level
   a - Confusing Touch                Hexes                        1
   b - Animate Skeleton               Necromancy                   1
   c - Summon Small Mammal            Summoning                    1
   d - Apportation                    Translocation                1
Comestibles
 m - 3 fruits
 n - 5 bread rations
 o - 4 meat rations
 H - a royal jelly
 J - 6 chunks of flesh


   Skills:
 - Level 1.7 Dodging
 - Level 1.7 Stealth
 - Level 7.1 Spellcasting
 + Level 7.4 Conjurations


You had 18 spell levels left.
You knew the following spells:

 Your Spells              Type           Power        Failure   Level  Hunger
a - Magic Dart            Conj           ####         1%          1    None
b - Searing Ray           Conj           #####.       1%          2    None


Dungeon Overview and Level Annotations

Branches:
Dungeon (7/15)             Temple (1/1) D:5

Altars:
Ashenzari
Cheibriados
Dithmenos
Elyvilon
Fedhas
Hepliaklqana
Kikubaaqudgha
Nemelex Xobeh
Okawaru
Qazlal
Ru
Sif Muna
Trog
Uskayaw
Vehumet
Yredelemnul
The Shining One

Shops:
D:4 !%

Annotations:
D:6 Duvessa, Grinder


Innate Abilities, Weirdness & Mutations

You can breathe wild blasts of lightning.
Your glossy black scales are hard. (AC +6)
You cannot fit into any form of body armour.
You are resistant to electric shocks. (rElec)
You are cold-blooded and may be slowed by cold attacks.


Message History

Duvessa hits you but does no damage. Duvessa hits you with a short sword!
* * * LOW HITPOINT WARNING * * *
The searing ray misses Duvessa.
Duvessa closely misses you.
The searing ray hits Duvessa.
Duvessa is severely wounded.
You finish channeling your searing ray.
Duvessa hits you with a short sword.
* * * LOW HITPOINT WARNING * * *
Duvessa hits you with a short sword.
* * * LOW HITPOINT WARNING * * *
Unknown command.
Okay, then.
Evoke which item? (* to show all) (? for menu, Esc to quit)
Aiming: Paralyse (will waste charges)
Press: ? - help, Shift-Dir - straight line, f/p - Duvessa
Aim: Duvessa, wielding a short sword and wearing a runed leather armour (severely wounded, berserk, fast, unusually strong, chance to defeat MR: 28%) Duvessa resists with almost no effort.
Evoking this partially-identified wand wasted a few charges.
Duvessa hits you but does no damage. Duvessa hits you with a short sword!
You die...

#####.####
#.........
#.###....#
### #.# #e. .
... #)# ..
... #.# ..
... #.# .# #
#.# .#
#.#####.####.
#(.@eh5.(....
#######.#####
#


You could see Duvessa (berserk), a black bear and a crimson imp.

Vanquished Creatures
  Purgy (Sewer)
  4 ogres
  A centaur (D:6)
  Dowan (D:6)
  A howler monkey (D:4)
  A crimson imp (D:7)
  3 hounds
  2 orc wizards (D:3)
  4 orc priests
  3 worker ants
  2 hound skeletons
  6 adders
  3 oozes (D:1)
  2 worms
  An adder skeleton (D:5)
  3 dart slugs
  A leopard gecko (D:5)
  16 orcs
  11 bats
  5 giant cockroaches (D:3)
  5 hobgoblins
  14 jackals
  3 quokkas
  A ball python (D:3)
  2 frilled lizards
  8 goblins
  10 kobolds
  6 rats
120 creatures vanquished.

Notes
Turn   | Place    | Note
-------+----------+-------------------------------------------
     0 | D:1      | vonhedlund the Draconian Conjurer began the quest for the Orb.
     0 | D:1      | Reached XP level 1. HP: 14/14 MP: 3/3
    91 | D:1      | Reached XP level 2. HP: 6/20 MP: 1/5
   327 | D:1      | Reached XP level 3. HP: 11/26 MP: 2/7
   646 | D:2      | Learned a level 2 spell: Searing Ray
   939 | D:2      | You fall through a shaft for 2 floors!
  1025 | D:4      | Found a radiant altar of Vehumet.
  1221 | D:3      | Reached XP level 4. HP: 33/33 MP: 1/10
  1289 | D:3      | Found a glowing drain.
  1293 | Sewer    | Entered a sewer
  1409 | Sewer    | Noticed Purgy
  1426 | Sewer    | Killed Purgy
  1426 | Sewer    | Reached skill level 5 in Spellcasting
  1426 | Sewer    | Reached XP level 5. HP: 11/38 MP: 0/12
  1681 | D:3      | Found an iron altar of Okawaru.
  2158 | D:2      | Found a glowing golden altar of the Shining One.
  2511 | D:3      | Reached XP level 6. HP: 36/45 MP: 4/15
  3291 | D:4      | Found Xigiol's Distillery.
  3300 | D:4      | Your scales start taking on a glossy black colour.
  3300 | D:4      | Reached XP level 7. HP: 50/50 MP: 11/17
  3300 | D:4      | Gained mutation: You are resistant to electric shocks. (rElec) [Black Draconian growth]
  3469 | D:4      | Found Kups's Food Shoppe.
  3645 | D:5      | Entered Level 5 of the Dungeon
  3953 | D:5      | Found a white marble altar of Elyvilon.
  3990 | D:5      | Found a blossoming altar of Fedhas.
  4003 | D:5      | Reached skill level 5 in Conjurations
  4155 | D:5      | Found a staircase to the Ecumenical Temple.
  4167 | Temple   | Entered the Ecumenical Temple
  4433 | D:4      | Became a worshipper of Vehumet
  4774 | D:5      | Found an ancient bone altar of Kikubaaqudgha.
  4844 | D:6      | Noticed Grinder
  4848 | D:7      | Found a deep blue altar of Sif Muna.
  5001 | D:7      | Noticed a hippogriff
  5020 | D:6      | Noticed Duvessa
  5020 | D:6      | Noticed Dowan
  5194 | D:7      | Reached XP level 8. HP: 57/57 MP: 9/18
  5630 | D:6      | Killed Dowan
  5665 | D:6      | HP: 1/57 [Duvessa/short sword (2)]
  5667 | D:6      | Mangled by Duvessa

Skill      XL: |  1  2  3  4  5  6  7  8 |
---------------+-------------------------+-----
Spellcasting   | 3 4 5 6 7 |  7.1
Conjurations   | 6 7 |  7.4
Dodging        | |  1.7
Stealth        | |  1.7

Action                   |  1- 3 |  4- 6 |  7- 9 || total
-------------------------+-------+-------+-------++-------
Melee: Unarmed           |    14 |       |       ||    14
       Tailslap          |     9 |    15 |     9 ||    33
       Dagger            |    48 |   137 |    43 ||   228
       Short sword       |       |       |    66 ||    66
 Fire: Hunting sling     |     8 |    16 |       ||    24
       Blowgun           |       |    15 |     6 ||    21
 Cast: Magic Dart        |    48 |    40 |    35 ||   123
       Searing Ray       |     3 |    12 |    18 ||    33
Evoke: Wand              |       |       |     1 ||     1
  Use: Scroll            |       |     2 |       ||     2
 Stab: Sleeping          |     2 |     4 |     1 ||     7
  Eat: Chunk             |     1 |     7 |     6 ||    14
       Fruit             |       |       |     2 ||     2
Armor: Skin              |    11 |    84 |    39 ||   134
Dodge: Dodged            |    40 |   162 |    85 ||   287
